 Dungeon Crawl Stone Soup version 0.19-a0-1886-gd64a0f0 (webtiles) character file.

137 JeffiDaFish the Vexing (level 5, -1/37 HPs)
             Began as a Vampire Enchanter on Oct 15, 2016.
             Slain by an orc
             ... wielding a +0 trident
              (5 damage)
             ... on level 4 of the Dungeon.
             The game lasted 00:13:12 (3560 turns).

JeffiDaFish the Vexing (Vampire Enchanter)          Turns: 3560, Time: 00:13:12

Health: -1/37      AC:  3    Str:  8    XL:     5   Next: 0%
Magic:  1/8        EV: 13    Int: 18    God:
Gold:   75         SH:  0    Dex: 14    Spells: 2 memorised, 5 levels left

rFire  . . .     SeeInvis +     a - +2 dagger
rCold  . . .     Gourm    .     b - +1 robe
rNeg   + . .     Faith    .     (no shield)
rPois  .         Spirit   .     (no helmet)
rElec  .         Dismiss  .     (no cloak)
rCorr  .         Reflect  .     (no gloves)
MR     .....     Harm     .     (no boots)
Stlth  +++.......               g - amulet of inaccuracy (curse)
                                (no ring)
                                (no ring)

@: no status effects
A: fangs 3, see invisible, unbreathing
a: Bat Form


You were on level 4 of the Dungeon.
You were not thirsty.

You visited 1 branch of the dungeon, and saw 4 of its levels.

You collected 75 gold pieces.

Inventory:

Hand Weapons
 a - a +2 dagger (weapon)
Armour
 b - a +1 robe (worn)
Jewellery
 f - an uncursed amulet of regeneration {unknown}
 g - a cursed amulet of inaccuracy (around neck)
Potions
 d - 15 potions of blood
 e - a potion of heal wounds
Books
 c - a book of Maledictions

   Spells                             Type                      Level
   a - Corona                         Hexes                        1
   b - Ensorcelled Hibernation        Hexes/Ice                    2
   c - Confuse                        Hexes                        3
   d - Tukima's Dance                 Hexes                        3
   e - Dazzling Spray                 Conjuration/Hexes            3


   Skills:
 * Level 1.5 Fighting
 + Level 1.8 Short Blades
 + Level 2.9 Dodging
 + Level 5.4 Stealth
 + Level 2.2 Spellcasting
 + Level 5.6 Hexes
 + Level 1.1 Ice Magic


You had 5 spell levels left.
You knew the following spells:

 Your Spells              Type           Power        Failure   Level  Hunger
a - Corona                Hex            ###....      1%          1    #......
b - Ensorcelled Hibernat  Hex/Ice        ##....       10%         2    ##.....


Dungeon Overview and Level Annotations

Branches:
Dungeon (4/15)
 Temple: D:4-7

Altars:
Elyvilon
Hepliaklqana
Sif Muna


Innate Abilities, Weirdness & Mutations

You have razor-sharp teeth.
You have supernaturally acute eyesight. (SInv)
You can survive without breathing.


Message History

You hit the orc.
You kill the orc!
You have reached level 5!
You feel clever.
One of your 16 potions of blood rots away.
Casting: Ensorcelled Hibernation
Confirm with . or Enter, or press ? or * to list all spells.
Aiming: Ensorcelled Hibernation
Press: ? - help, Shift-Dir - straight line, f - orc
Aim: an orc, wielding a trident (chance to defeat MR: 62%)
The orc resists with significant effort.
The orc closely misses you.
Casting: Ensorcelled Hibernation
Confirm with . or Enter, or press ? or * to list all spells.
Aiming: Ensorcelled Hibernation
Press: ? - help, Shift-Dir - straight line, f/p - orc
Aim: an orc, wielding a trident (chance to defeat MR: 62%)
The orc resists with significant effort.
The orc hits you from afar with a trident.
You die...

######### ........#
###### ........#######
#....# ........#.....#
#....#
..)....##%....####....#
.###...##.....o†@'....+
.#
#..........####....#..
.#
#..........#<#.........
##
####.....#.#.......#...
..#######.#...........
.... ..#.#...#.....
##..... ..#.#.........
....... ........>##.##
######. .........#..


You could see an orc.

Vanquished Creatures
  Ijyb (D:3)
  2 adders
  An ooze (D:2)
  4 worms
  2 dart slugs
  5 orcs
  5 bats
  2 giant cockroaches
  6 goblins
  4 hobgoblins
  6 jackals (D:2)
  8 kobolds
  A quokka (D:2)
  2 ball pythons (D:3)
  13 frilled lizards
  9 rats
71 creatures vanquished.

Notes
Turn   | Place    | Note
-------+----------+-------------------------------------------
     0 | D:1      | JeffiDaFish the Vampire Enchanter began the quest for the Orb.
     0 | D:1      | Reached XP level 1. HP: 13/13 MP: 3/3
    95 | D:1      | You fall through a shaft!
   221 | D:2      | Reached XP level 2. HP: 18/19 MP: 5/5
   324 | D:2      | Learned a level 2 spell: Ensorcelled Hibernation
   381 | D:2      | Reached skill level 5 in Stealth
   414 | D:2      | Reached XP level 3. HP: 20/24 MP: 6/6
   699 | D:2      | Reached skill level 5 in Hexes
  1044 | D:2      | Reached skill level 1 in Fighting
  1562 | D:3      | Reached XP level 4. HP: 32/32 MP: 4/7
  1670 | D:3      | Found a hazy altar of Hepliaklqana.
  1670 | D:3      | Found a deep blue altar of Sif Muna.
  2347 | D:3      | Noticed Ijyb
  2419 | D:2      | Reached skill level 1 in Ice Magic
  2724 | D:3      | Killed Ijyb
  3288 | D:3      | Found a white marble altar of Elyvilon.
  3558 | D:4      | Reached XP level 5. HP: 3/37 MP: 5/8
  3560 | D:4      | Slain by an orc

Vault maps used:
D:1:      sevenhm_arrival_forest_fort_large_2, minmay_small_reverse_x
D:2:      minmay_lizard_pond
D:3:      lemuel_crystal_altar, grunt_temple_overflow_open, uniq_iyjb
D:4:      okawaru_metal_pillars_3, first_bread, uniq_eustachio

Skill      XL: |  1  2  3  4 |
---------------+-------------+-----
Stealth        | 5 |  5.4
Hexes          | 5 |  5.6
Fighting       | 1 |  1.5
Ice Magic      | 1 |  1.1
Short Blades   | |  1.8
Dodging        | |  2.9
Spellcasting   | |  2.2

Action                   |  1- 3 |  4- 6 || total
-------------------------+-------+-------++-------
Melee: Dagger            |   127 |   186 ||   313
       Bite              |     6 |     5 ||    11
 Cast: Ensorcelled Hiber |     8 |    14 ||    22
  Use: Potion            |     4 |    11 ||    15
       Scroll            |     2 |     1 ||     3
 Stab: Sleeping          |    13 |     6 ||    19
Armor: Robe              |    37 |    27 ||    64
Dodge: Dodged            |    91 |   117 ||   208
